 Dungeon Crawl Stone Soup version 0.27-a0-836-gfc908b8576 (webtiles) character file.

Game seed: 4917859397709865718

7096 polve the Grappler (level 10, -5/88 HPs)
             Began as a Red Draconian Transmuter on Apr 1, 2021.
             Slain by a freezing wraith (20 damage)
             ... on level 9 of the Dungeon.
             The game lasted 00:26:04 (12035 turns).

polve the Grappler (Red Draconian Transmuter)      Turns: 12035, Time: 00:26:05

Health: -5/88      AC:  7    Str: 14    XL:     10   Next: 84%
Magic:  12/13      EV: 12    Int: 16    God:
Gold:   377        SH:  5    Dex: 17    Spells: 3/13 levels left

rFire    + . .     SeeInvis .     - Unarmed
rCold    . . .     Faith    .   (no shield)
rNeg     . . .     Spirit   .   (armour unavailable)
rPois    .         Reflect  +   (helmet currently unavailable)
rElec    .         Harm     .   (no cloak)
rCorr    .         Rampage  .   (no gloves)
Will     .....                  (boots currently unavailable)
Stlth    ++........             k - amulet of reflection
HPRegen  0.24/turn              z - +4 ring of slaying
MPRegen  0.13/turn              m - +6 ring of dexterity

@: mighty, short of breath, appendages, wereblooded
A: horns 2, talons 2, breathe fire, AC +7, unfitting armour, fire resistance 1,
cold-blooded
a: Breathe Fire, End Transformation


You were on level 9 of the Dungeon.
You had temporarily grown beastly horns and talons.
You visited 2 branches of the dungeon, and saw 10 of its levels.

You collected 377 gold pieces.

Inventory:

Missiles
 f - 205 stones
Jewellery
 e - an amulet of faith
 h - a ring of positive energy
 k - an amulet of reflection (around neck)
 m - a +6 ring of dexterity (right hand)
 s - an amulet of the acrobat
 y - an amulet of guardian spirit
 z - a +4 ring of slaying (left hand)
Wands
 d - a wand of acid (8)
 p - a wand of random effects (51)
 q - a wand of digging (5)
Scrolls
 b - 4 scrolls of enchant armour {unknown}
 c - 2 scrolls of torment {unknown}
 g - a scroll of summoning {unknown}
 j - a scroll of vulnerability {unknown}
 l - a scroll of fear {unknown}
 n - 2 scrolls of enchant weapon {unknown}
 t - 2 scrolls of fog {unknown}
 u - a scroll of brand weapon {unknown}
 w - a scroll of blinking {unknown}
 B - a scroll of identify
Potions
 a - 2 potions of ambrosia
 i - 6 potions of curing
 o - 2 potions of flight
 r - a potion of might
 v - a potion of attraction
 x - 3 potions of lignification
 A - 2 potions of berserk rage


   Skills:
 - Level 8.0 Fighting
 - Level 1.7 Dodging
 - Level 10.7 Unarmed Combat
 - Level 2.0 Spellcasting
 - Level 3.0 Translocations
 + Level 10.7 Transmutations


You had 3 spell levels left.
You knew the following spells:

 Your Spells              Type           Power      Damage    Failure   Level
a - Beastly Appendage     Tmut           70%        N/A       1%          1
b - Blink                 Tloc           N/A        N/A       9%          2
c - Wereblood             Tmut           35%        N/A       1%          2
d - Hydra Form            Tmut           17%        N/A       7%          5

Your spell library contained the following spells:

 Spells                   Type           Power      Damage    Failure   Level
 Apportation              Tloc           22%        N/A       6%          1
 Spider Form              Tmut/Pois      9%         N/A       7%          3
 Animate Skeleton         Necr           2%         N/A       21%         1
 Corona                   Hex            1%         N/A       21%         1
 Magic Dart               Conj           4%         1d3       21%         1
 Summon Small Mammal      Summ           4%         N/A       21%         1
 Call Imp                 Summ           1%         N/A       30%         2
 Slow                     Hex            1%         N/A       30%         2
 Conjure Flame            Conj/Fire      1%         6-21      52%         3
 Mephitic Cloud           Conj/Pois/Air  1%         N/A       52%         3
 Ice Form                 Ice/Tmut       18%        N/A       22%         4


Dungeon Overview and Level Annotations

Branches:
Dungeon (9/15)             Temple (1/1) D:5
   Lair: D:8-11         Orc: D:9-12

Altars:
Ashenzari
Cheibriados
Dithmenos
Elyvilon
Fedhas
Gozag
Hepliaklqana
Kikubaaqudgha
Makhleb
Nemelex Xobeh
Okawaru
Qazlal
Ru
Sif Muna
Trog
Uskayaw
Vehumet
Wu Jian
Xom
Yredelemnul
Zin
The Shining One
Beogh
Lugonu

Shops:
D:5 *?==

Annotations:
D:7 2 transporters
D:8 3 runed translucent doors, PeterLawrence's ghost, novice MiBe; bmj180's ghost, novice DrCj; ma3's ghost, novice DjCj; trm's ghost, journeyman DjCj


Innate Abilities, Weirdness & Mutations

You have temporarily grown beastly horns and talons.
You can breathe blasts of fire.
Your fiery red scales are hard. (AC +7)
You cannot fit into any form of body armour.
Your flesh is heat resistant. (rF+)
You are cold-blooded and may be slowed by cold attacks.


Message History

The slime creature hits you!
You barely miss the slime creature. You claw the slime creature.
Your headbutt misses the slime creature.
The slime creature is almost dead.
You block the slime creature's attack.
You hit the slime creature. You claw the slime creature.
You kill the slime creature!
You closely miss the wyvern. Your kick misses the wyvern.
The wyvern barely misses you. The wyvern bites you!
You closely miss the wyvern. You claw the wyvern! You headbutt the wyvern!
You tail-slap the wyvern.
The wyvern is almost dead.
The wyvern closely misses you.
You barely miss the wyvern. You headbutt the wyvern.
You kill the wyvern!
You hear a shout!
The howler monkey hoots and howls with incredible vigour!
You hear an angry growl.
You hear a howl!
You closely miss the wraith. You claw the wraith. You headbutt the wraith.
The wraith is lightly damaged.
The wraith hits you but does no damage.
Casting: Wereblood (safe; 1% risk of failure)
Confirm with . or Enter, or press ? or * to list all spells.
Okay, then.
Press: ? - help, Shift-Dir - straight line, f - wraith
Aim: a wraith (lightly damaged)
You breathe a blast of fire.
The fiery breath misses the wraith.
You punch the freezing wraith! You claw the freezing wraith.
You tail-slap the freezing wraith, but do no damage.
Your punch misses the freezing wraith.
The freezing wraith is moderately damaged.
You hit the freezing wraith. You headbutt the freezing wraith.
The freezing wraith is heavily damaged.
The freezing wraith misses you. The freezing wraith hits you!
* * * LOW HITPOINT WARNING * * *
You feel very mighty all of a sudden. The freezing wraith hits you.
* * * LOW HITPOINT WARNING * * *
The freezing wraith freezes you!!
You die...

... #.##..#
#.#
#.##..####
#.#
#.##......
#.#...###
#......#
######.....##
..........##
.#.###..#.#
##@#.#
......W##.#
.#.#..h #
#..## ._☼#
####


You could see a freezing wraith and a howler monkey.

Vanquished Creatures
  Pikel (D:7)
  A troll (D:9)
  A slime creature (D:9)
  4 wyverns
  10 yaks
  A steam dragon (D:7)
  3 vampire mosquitoes (D:8)
  3 water moccasins
  6 orc warriors
  2 ice beasts
  A necrophage (D:5)
  2 ogres
  2 black bears
  A phantom (D:6)
  4 centaurs
  A lemure (D:7)
  Blork the orc (D:3)
  A kobold brigand (D:7)
  3 bullfrogs
  A scorpion (D:9)
  A killer bee (D:9)
  10 wights
  The ghost of banchobear the Cutter, a weakling OpMo (D:3)
  2 centaur zombies
  2 howler monkeys
  A bullfrog zombie (D:6)
  2 orc priests
  A gnoll shaman (D:6)
  3 quasits (D:3)
  A bullfrog skeleton (D:5)
  A centaur skeleton (D:4)
  3 hounds
  Jessica (D:2)
  An iguana (D:6)
  An orc wizard (D:3)
  Natasha (thrice) (D:4)
  2 killer bee zombies (D:8)
  2 hound skeletons (D:4)
  A howler monkey zombie (D:5)
  6 adders
  7 gnolls
  2 shadow imps
  3 white imps (D:7)
  An ufetubus (D:5)
  A worm (D:5)
  29 orcs
  5 endoplasms
  3 giant cockroaches
  8 goblins
  7 hobgoblins
  10 jackals
  13 kobolds
  A quokka (D:2)
  8 ball pythons
  4 bats
  5 frilled lizards
  7 rats
208 creatures vanquished.

Vanquished Creatures (others)
  An ufetubus (D:7)
  2 fungi (D:9)
  22 plants (D:9)
25 creatures vanquished.

Grand Total: 233 creatures vanquished

Notes
Turn   | Place    | Note
-------+----------+-------------------------------------------
     0 | D:1      | polve the Draconian Transmuter began the quest for the Orb.
     0 | D:1      | Reached XP level 1. HP: 16/16 MP: 3/3
   196 | D:1      | Reached XP level 2. HP: 19/23 MP: 5/5
   863 | D:1      | Reached XP level 3. HP: 28/28 MP: 6/6
  1998 | D:1      | Reached XP level 4. HP: 20/35 MP: 5/7
  2181 | D:2      | Noticed Jessica
  2204 | D:2      | Killed Jessica
  2586 | D:2      | Reached skill level 5 in Transmutations
  2773 | D:3      | Found a transporter.
  2779 | D:3      | Found a transporter.
  2806 | D:3      | Found a stormy altar of Qazlal.
  2842 | D:3      | Reached XP level 5. HP: 33/40 MP: 8/8
  2947 | D:3      | Noticed banchobear's ghost (weakling OpMo)
  3375 | D:3      | Found a radiant altar of Vehumet.
  3375 | D:3      | Found a faded altar of an unknown god.
  3383 | D:3      | Found a glowing silver altar of Zin.
  3385 | D:3      | Found a shimmering altar of Xom.
  3387 | D:3      | Found a shimmering blue altar of Sif Muna.
  3433 | D:3      | Found a shadowy altar of Dithmenos.
  3734 | D:4      | Noticed Blork the orc
  3868 | D:3      | Killed Blork the orc
  4062 | D:4      | Reached XP level 6. HP: 50/50 MP: 7/9
  4357 | D:4      | Noticed Natasha
  4380 | D:4      | Killed Natasha
  4587 | D:4      | Noticed Natasha
  4598 | D:4      | Killed Natasha
  4602 | D:4      | Noticed Natasha
  4611 | D:4      | Killed Natasha
  4612 | D:4      | Reached skill level 5 in Unarmed Combat
  5040 | D:5      | Entered Level 5 of the Dungeon
  5198 | D:5      | Found Ifout's Jewellery Boutique.
  5233 | D:5      | Your scales start taking on a fiery red colour.
  5233 | D:5      | Reached XP level 7. HP: 56/57 MP: 8/10
  5233 | D:5      | Gained mutation: Your flesh is heat resistant. (rF+) [Red
                  | Draconian growth]
  5403 | D:5      | Found Etooh's Jewellery Shop.
  5431 | D:5      | Found Otzaoligre's Magic Scroll Boutique.
  5447 | D:5      | Found a staircase to the Ecumenical Temple.
  5457 | Temple   | Entered the Ecumenical Temple
  5615 | D:5      | Found Hiotouf's General Store.
  5663 | D:5      | Found a shadowy altar of Dithmenos.
  5663 | D:5      | Found a basalt altar of Yredelemnul.
  6266 | D:3      | Killed banchobear's ghost
  6287 | D:3      | Reached skill level 5 in Fighting
  6287 | D:3      | Reached XP level 8. HP: 58/68 MP: 11/11
  7080 | D:6      | Found a hazy altar of Hepliaklqana.
  7602 | D:6      | Learned a level 2 spell: Blink
  7605 | D:6      | Learned a level 2 spell: Wereblood
  7613 | D:6      | Learned a level 5 spell: Hydra Form
  7660 | D:7      | Noticed a white ugly thing
  7663 | D:7      | Found a transporter.
  7700 | D:7      | Noticed a +0 dagger
  7700 | D:7      | Noticed a +0 short sword
  7700 | D:7      | Noticed a +0 short sword
  7701 | D:7      | Noticed a +0 dagger
  7702 | D:7      | Noticed a +0 spear
  7704 | D:7      | Noticed a +0 spear
  7704 | D:7      | Noticed a +0 falchion
  7705 | D:7      | Noticed a +0 falchion
  7707 | D:7      | Found a hide-covered altar of Uskayaw.
  8069 | D:7      | Noticed Pikel
  8133 | D:7      | Killed Pikel
  8134 | D:7      | Reached XP level 9. HP: 45/79 MP: 9/12
  8292 | D:7      | Found a transporter.
  8293 | D:7      | Found a corrupted altar of Lugonu.
  8293 | D:7      | Noticed a purple ugly thing
  8295 | D:7      | Reached skill level 10 in Unarmed Combat
  9371 | D:8      | Reached skill level 1 in Translocations
 10447 | D:8      | Reached XP level 10. HP: 29/84 MP: 13/13
 11179 | D:8      | Noticed trm's ghost (journeyman DjCj)
 11180 | D:8      | Found a runed translucent gate.
 11180 | D:8      | Noticed bmj180's ghost (novice DrCj)
 11180 | D:8      | Noticed ma3's ghost (novice DjCj)
 11180 | D:8      | Noticed PeterLawrence's ghost (novice MiBe)
 11181 | D:8      | Found a runed translucent gate.
 11181 | D:8      | Found a runed translucent gate.
 11638 | D:9      | Reached skill level 10 in Transmutations
 11701 | D:9      | Noticed a cyclops
 12013 | D:9      | Found a white marble altar of Elyvilon.
 12035 | D:9      | Slain by a freezing wraith

Illustrated notes

Levels and vault maps discovered:
D:1:      saegor_arrival_simple_e, layout_basic, minivault_24
D:2:      layout_basic, uniq_jessica
D:3:      layout_loops_ring, chequers_temple_overflow_minitemple,
          nicolae_overflow_crystal_walls, gammafunk_ghost_stat_death,
          grunt_dithmenos_smoke
D:4:      layout_rooms, minmay_misc_feat_doors, uniq_blork_the_orc, uniq_natasha
D:5:      layout_cave_pools, gammafunk_temple_overflow_wave,
          minmay_temple_entry_drinking_statues, serial_shops, shop, shop,
          nicolae_shop_temple_entry_statues_fountains, shop
D:6:      layout_cave_pools, nzn_hepliaklqana_mist_gate
D:7:      gammafunk_corrupted_shrine, layout_basic, nicolae_uskayaw_en_pointe,
          grunt_decor_mini_mirrors, uniq_pikel
D:8:      layout_cave_pods, gammafunk_ghost_cemetery, special_room
          [special_room_orc]
D:9:      layout_loops_corners, minmay_lair_entry_grove,
          mrwooster_statue_mirror, minmay_ruined_shrine
Temple:   dshaligram_water_room_temple

Skill      XL: |  1  2  3  4  5  6  7  8  9 10 |
---------------+-------------------------------+-----
Transmutations | 3 4 5 6 10 | 10.7
Fighting       | 2 3 5 7 8 |  8.0
Unarmed Combat | 4 5 7 9 10 | 10.7
Translocations | 3 |  3.0
Dodging        | |  1.7
Spellcasting   | |  2.0

Action                   |  1- 3 |  4- 6 |  7- 9 | 10-12 || total
-------------------------+-------+-------+-------+-------++-------
Melee: Unarmed           |   129 |   191 |   229 |    79 ||   628
       Kick              |    12 |    27 |    51 |    31 ||   121
       Headbutt          |     7 |    18 |    30 |    28 ||    83
       Tailslap          |     8 |    22 |    27 |    17 ||    74
       Punch             |       |     2 |     8 |     2 ||    12
Throw: Stone             |     1 |       |       |       ||     1
 Cast: Beastly Appendage |    16 |    23 |    28 |     7 ||    74
       Wereblood         |       |       |     5 |     3 ||     8
 Abil: Breathe Fire      |       |       |    39 |    11 ||    50
  Use: Potion            |     2 |     1 |     2 |     1 ||     6
       Scroll            |       |       |     6 |     1 ||     7
 Stab: Sleeping          |     1 |     1 |       |       ||     2
Armor: Skin              |    32 |    37 |    88 |    13 ||   170
Dodge: Dodged            |    94 |   108 |   152 |    31 ||   385
Block: Other             |       |     2 |    59 |     7 ||    68
       Reflection        |       |       |     2 |       ||     2

Table legend: (Time is in decaauts)
 A = Elapsed time spent in this place.
 B = Non-inter-level travel time spent in this place.
 C = Inter-level travel time spent in this place.
 D = Time resting spent in this place.
 E = Time spent auto-exploring this place.
 F = Levels seen in this place.
 G = Mean time per level.
                   A        B        C        D        E       F      G
               +--------+--------+--------+--------+--------+-----+--------+
         Total |  12000 |  11449 |    551 |    216 |   9313 |  10 | 1200.0 |
       Dungeon |  11878 |  11342 |    536 |    216 |   9244 |   9 | 1319.8 |
        Temple |    122 |    107 |     15 |      0 |     69 |   1 |  122.0 |
               +--------+--------+--------+--------+--------+-----+--------+

Top non-repeatable levels by time:
     D:7: 1991 daAuts
     D:8: 1759 daAuts
     D:1: 1474 daAuts
     D:5: 1437 daAuts
     D:3: 1337 daAuts
     D:2: 1295 daAuts
     D:4: 1117 daAuts
     D:6: 865 daAuts
     D:9: 601 daAuts
  Temple: 122 daAuts
